 Dungeon Crawl Stone Soup version 0.23-a0-577-g2b1de94 (webtiles) character file.

105010 Azzok the Blocker (level 16, -21/127 HPs)
             Began as a Gnoll Fighter on Dec 15, 2018.
             Was the Champion of Okawaru.
             Killed from afar by a thorn hunter (24 damage)
             ... with a volley of thorns
             ... on level 3 of the Swamp.
             The game lasted 00:55:16 (33338 turns).

Azzok the Blocker (Gnoll Fighter)                  Turns: 33338, Time: 00:55:16

Health: -21/127    AC: 19    Str: 25    XL:     16   Next: 40%
Magic:  30/30      EV: 23    Int: 12    God:    Okawaru [******]
Gold:   1518       SH:  0    Dex: 17    Spells: 36/36 levels left

rFire    + . .     SeeInvis .   b - +9 arbalest of Trauma {penet, rElec}
rCold    . . .     Gourm    .   (shield currently unavailable)
rNeg     . . .     Faith    +   S - +0 swamp dragon scales
rPois    +         Spirit   .   m - +0 helmet
rElec    +         Reflect  .   Y - scarf {cloud immunity}
rCorr    .         Harm     .   M - +1 pair of gloves {Dex+3}
MR       +....                  Z - +1 pair of boots
Stlth    ++++++....             n - amulet of faith
HPRegen  0.31/turn              o - ring of protection from fire
MPRegen  0.22/turn              A - +5 ring of slaying

@: heroism, very slightly contaminated
A: distributed training, fangs 1, strong nose
a: Heroism, Finesse, Renounce Religion


You were on level 3 of the Swamp.
You worshipped Okawaru.
Okawaru was exalted by your worship.
You were near starving.

You visited 5 branches of the dungeon, and saw 27 of its levels.
You also visited: Ice Cave.

You collected 2289 gold pieces.
You spent 771 gold pieces at shops.

Inventory:

Hand Weapons
 a - a +4 triple crossbow of velocity
 b - the +9 arbalest of Trauma (weapon) {penet, rElec}
   (You found it on level 5 of the Dungeon)

   Ammo fired by it will pass through the targets it hits, potentially hitting
   all targets in its path until it reaches maximum range.
   It insulates you from electricity.
 w - the +10 war axe "Jeryiq" {freeze, rN+ Str+8 Int-4}
   (You took it off an orc on level 9 of the Dungeon)

   It has been specially enchanted to freeze those struck by it, causing extra
   injury to most foes and up to half again as much damage against particularly
   susceptible opponents.
   It can also slow down cold-blooded creatures.
   It affects your strength (+8).
   It affects your intelligence (-4).
   It protects you from negative energy.
Missiles
 D - 361 bolts (quivered)
 P - 3 throwing nets
Armour
 c - a +0 shield
 m - a +0 helmet (worn)
 F - a +1 plate armour of cold resistance
 M - a +1 pair of gloves of dexterity (worn)
 S - +0 swamp dragon scales (worn)
 Y - a scarf of cloud immunity (worn)
 Z - a +1 pair of boots (worn)
Jewellery
 n - an amulet of faith (around neck)
 o - a ring of protection from fire (left hand)
 x - an uncursed ring of resist corrosion
 A - a +5 ring of slaying (right hand)
 X - the ring "Kojiasue" {*Contam MR+++ Int+2 Stlth+}
   (You found it on level 5 of the Lair of Beasts)

   [ring of stealth]

   It affects your intelligence (+2).
   It affects your resistance to hostile enchantments.
   It causes magical contamination when unequipped.
   It makes you more stealthy.
Wands
 h - a wand of scattershot (8)
 i - a wand of clouds (14)
 l - a wand of digging (3)
 p - a wand of disintegration (10)
 B - a wand of iceblast (6)
 L - a wand of acid (19)
 R - a wand of paralysis (6)
Scrolls
 e - 10 scrolls of remove curse
 g - 6 scrolls of teleportation
 k - 8 scrolls of fear
 r - 9 scrolls of identify
 u - 4 scrolls of fog
 y - 3 scrolls of enchant armour
 C - 3 scrolls of amnesia
 H - a scroll of acquirement
 J - 2 scrolls of enchant weapon
 T - 5 scrolls of magic mapping
 V - a scroll of brand weapon
Potions
 d - 3 potions of might
 j - 2 potions of brilliance
 q - 4 potions of cancellation
 s - a potion of flight
 t - 3 potions of curing
 v - 6 potions of mutation {!q}
 E - a potion of agility
 G - a potion of ambrosia
 I - 2 potions of haste
 K - 3 potions of lignification
 N - 3 potions of invisibility
 O - a potion of resistance
 U - 2 potions of magic
Miscellaneous
 W - a fan of gales
Comestibles
 f - 52 rations


   Skills:
 + Level 12.2(17.2) Fighting
 + Level 10.6(15.6) Short Blades
 + Level 10.6(15.6) Long Blades
 + Level 11.4(16.4) Axes
 + Level 10.6(15.6) Maces & Flails
 + Level 10.6(15.6) Polearms
 + Level 10.6(15.6) Staves
 + Level 10.6(15.6) Slings
 + Level 10.6(15.6) Bows
 + Level 10.6(15.6) Crossbows
 + Level 10.6(15.6) Throwing
 + Level 12.2(17.2) Armour
 + Level 10.6(15.6) Dodging
 + Level 10.6(15.6) Stealth
 + Level 12.2(17.2) Shields
 + Level 10.6(15.6) Unarmed Combat
 + Level 10.6 Spellcasting
 + Level 9.0 Conjurations
 + Level 9.0 Hexes
 + Level 9.0 Charms
 + Level 9.0 Summonings
 + Level 9.0 Necromancy
 + Level 9.0 Translocations
 + Level 9.0 Transmutations
 + Level 9.0 Fire Magic
 + Level 9.0 Ice Magic
 + Level 9.0 Air Magic
 + Level 9.0 Earth Magic
 + Level 9.0 Poison Magic
 + Level 11.4 Invocations
 + Level 10.6 Evocations


You had 36 spell levels left.
You didn't know any spells.
Your spell library contained the following spells:

 Spells                   Type           Power        Failure   Level  Hunger
 Beastly Appendage        Tmut           ####..       1%          1    None
 Freeze                   Ice            ####         1%          1    None
 Infusion                 Chrm           ####         1%          1    None
 Sting                    Conj/Pois      ####         1%          1    None
 Poisonous Vapours        Pois/Air       ####..       1%          2    None
 Shroud of Golubria       Chrm/Tloc      ####......   1%          2    None
 Song of Slaying          Chrm           ####....     1%          2    None
 Sticks to Snakes         Tmut           ####....     1%          2    None
 Throw Frost              Conj/Ice       ####..       1%          2    None
 Mephitic Cloud           Conj/Pois/Air  ####....     1%          3    ##.....
 Ozocubu's Armour         Chrm/Ice       ####....     1%          3    ##.....
 Recall                   Summ/Tloc      N/A          1%          3    ##.....
 Regeneration             Chrm/Necr      ####......   1%          3    ##.....
 Spectral Weapon          Hex/Chrm       ####....     1%          3    ##.....
 Spider Form              Tmut/Pois      ####......   1%          3    ##.....
 Animate Dead             Necr           N/A          3%          4    ####...
 Ice Form                 Ice/Tmut       ####....     3%          4    ####...
 Olgreb's Toxic Radiance  Pois           ####....     3%          4    ####...
 Summon Ice Beast         Ice/Summ       ####....     3%          4    ####...
 Throw Icicle             Conj/Ice       ####....     3%          4    ####...
 Blade Hands              Tmut           ####......   10%         5    #####..
 Borgnjor's Vile Clutch   Necr/Erth      ####......   10%         5    #####..
 Metabolic Englaciation   Hex/Ice        ####......   10%         5    #####..
 Venom Bolt               Conj/Pois      ####......   10%         5    #####..
 Bolt of Cold             Conj/Ice       ####......   50%         6    #######
 Death Channel            Necr           ####......   50%         6    #######
 Freezing Cloud           Conj/Ice/Air   ####......   50%         6    #######
 Ozocubu's Refrigeration  Ice            ####......   50%         6    #######
 Simulacrum               Ice/Necr       ####......   50%         6    #######


Dungeon Overview and Level Annotations

Branches:
Dungeon (15/15)            Temple (1/1) D:7            Lair (6/6) D:9
  Swamp (2/4) Lair:4       Spider (0/4) Lair:3        Slime (0/5) Lair:6
    Orc (2/2) D:12            Elf (0/3) Orc:2        Vaults (0/5) D:14
 Depths (0/5) D:15

Altars:
Ashenzari
Cheibriados
Dithmenos
Elyvilon
Fedhas
Gozag
Hepliaklqana
Kikubaaqudgha
Makhleb
Nemelex Xobeh
Okawaru
Qazlal
Ru
Sif Muna
Trog
Uskayaw
Vehumet
Wu Jian
Xom
Yredelemnul
Zin
The Shining One

Shops:
D:9 %   D:14 ?   Orc:2 [%([

Portals:
Trove: D:12 (give 2 scrolls of acquirement)

Annotations:
Lair:4 1 runed door, Duffy's ghost, journeyman DEFE
Lair:5 1 runed door, Hanugaeb's ghost, journeyman MiWn


Innate Abilities, Weirdness & Mutations

Your experience applies equally to all skills.
You have very sharp teeth.
Your uncanny sense of smell can sniff out nearby items.


Message History

The thorn hunter gestures.
Firing (i - inventory. (/) - cycle)
D - 363 bolts (quivered)
Press: ? - help, Shift-Dir - straight line, f/p - thorn hunter
Aim: a thorn hunter (water, moderately damaged)
You shoot a bolt.
The bolt completely misses the thorn hunter.
The thorn hunter hits you!
* * * LOW HITPOINT WARNING * * *
The thorn hunter misses you.
Firing (i - inventory. (/) - cycle)
D - 362 bolts (quivered)
Press: ? - help, Shift-Dir - straight line, f/p - thorn hunter
Aim: a thorn hunter (water, moderately damaged)
You shoot a bolt.
The bolt pierces through the thorn hunter!!
The thorn hunter is severely damaged.
The thorn hunter fires a volley of thorns at you.
The volley of thorns misses you.
The thorn hunter fires a volley of thorns at you.
The volley of thorns hits you!
You die...

♣♣♣ ♣♣♣♣♣♣·♣♣
♣≈··≈(@≈♣♣
♣·≈≈≈≈f≈≈♣♣
♣·§≈≈≈≈··(♣♣
♣·≈≈≈≈·≈·≈≈♣♣♣
♣♣··≈···≈≈§·≈♣
♣♣··♣(≈≈≈≈≈≈♣ ∆
≈♣(·(≈≈≈≈≈♣♣
·♣♣·(((≈·♣♣♣
≈≈······≈≈≈····


You could see a thorn hunter.

Vanquished Creatures
  Gastronok (Lair:2)
  A thorn hunter (Swamp:1)
  A stone giant (D:12)
  2 very ugly things
  A dire elephant (Lair:6)
  The ghost of RexLacerta the Fighter, a journeyman MiFi of Xom (Orc:2)
  Snorg (D:14)
  A fire dragon (D:15)
  An ice dragon (Lair:5)
  Josephine (Orc:2)
  4 vault guards (D:14)
  9 hydras
  Harold (Orc:1)
  3 catoblepae
  A queen ant (shapeshifter) (D:15)
  A centaur warrior (D:13)
  3 two-headed ogres
  Erica (D:9)
  10 death yaks (Lair:6)
  A tengu warrior (D:13)
  A deep troll shaman (Lair:6)
  5 alligators
  An orc high priest (Orc:1)
  A deep elf knight (D:14)
  Sonja (D:11)
  Nergalle (Lair:2)
  3 skeletal warriors (D:15)
  A wizard (D:15)
  2 unseen horrors (D:12)
  A swamp dragon (Swamp:1)
  A necromancer (IceCv)
  2 orc knights
  A lindwurm (Lair:6)
  8 ugly things
  2 cyclopes
  4 oklob plants (Lair:6)
  3 orc sorcerers
  12 elephants
  A manticore (D:15)
  A salamander (D:15)
  Joseph (D:7)
  4 black mambas (Lair:6)
  5 ice statues
  13 spiny frogs
  5 komodo dragons
  2 gargoyles
  A rime drake (shapeshifter) (D:13)
  A yaktaur (D:14)
  2 rime drakes
  A tengu conjurer (D:13)
  An efreet (D:14)
  10 ice devils (IceCv)
  6 trolls
  A jumping spider (shapeshifter) (D:13)
  5 jumping spiders (Lair:3)
  3 meliai (D:14)
  3 polar bears
  2 hornets (Swamp:3)
  4 bog bodies
  7 slime creatures
  4 dream sheep (Lair:5)
  9 hippogriffs
  9 blink frogs
  4 tyrant leeches
  3 wyverns
  2 redbacks (Lair:3)
  3 spriggans
  Sigmund (D:3)
  A shadow (Swamp:1)
  A human (D:14)
  A vampire (D:11)
  19 yaks
  5 wraiths (Orc:2)
  A basilisk (Lair:3)
  A fire elemental (Lair:5)
  A steam dragon (D:10)
  A hungry ghost (D:12)
  A soldier ant (D:15)
  5 swamp worms
  5 wargs
  10 water moccasins
  Edmund (D:6)
  An acid dragon (D:8)
  Duvessa (D:5)
  38 orc warriors
  2 swamp drakes
  2 sky beasts
  15 ice beasts
  A hornet zombie (D:9)
  6 phantoms
  2 black bears
  6 porcupines
  13 ogres
  9 wolves
  17 centaurs
  2 eyes of draining
  10 crocodiles
  4 big kobolds
  14 bullfrogs
  Dowan (D:5)
  A gnoll sergeant (D:11)
  2 wyvern skeletons
  2 scorpions
  15 killer bees
  4 howler monkeys
  An electric eel (Lair:4)
  7 crimson imps
  2 quasits
  7 hounds
  2 jellies
  3 centaur skeletons
  23 orc priests
  5 bullfrog skeletons
  Natasha (thrice) (D:2)
  Terence (D:2)
  21 orc wizards
  10 iguanas
  14 worker ants
  5 spriggan simulacra (IceCv)
  A killer bee zombie (D:6)
  2 centaur simulacra (IceCv)
  A hound zombie (D:5)
  A hound skeleton (D:5)
  Robin (D:2)
  5 gnolls (D:11)
  16 adders
  A howler monkey skeleton (D:9)
  3 ogre simulacra (IceCv)
  A shadow imp (D:7)
  4 white imps (Lair:5)
  An ooze (D:1)
  3 adder skeletons
  2 adder zombies (D:8)
  3 worms
  5 dart slugs
  8 leopard geckos
  100 orcs
  A ball python (D:3)
  10 bats
  5 giant cockroaches
  18 goblins
  14 hobgoblins
  11 jackals
  26 kobolds
  2 quokkas
  2 frilled lizards (D:1)
  6 rats
  6 fungi
  5 plants
798 creatures vanquished.

Vanquished Creatures (others)
  2 briar patches
  A bush (Lair:6)
  3 fungi
  5 plants
  A withered plant (Lair:4)
12 creatures vanquished.

Grand Total: 810 creatures vanquished

Notes
Turn   | Place    | Note
-------+----------+-------------------------------------------
     0 | D:1      | Azzok the Gnoll Fighter began the quest for the Orb.
     0 | D:1      | Reached XP level 1. HP: 23/23 MP: 1/1
   118 | D:1      | Reached XP level 2. HP: 28/29 MP: 2/2
   246 | D:1      | Reached XP level 3. HP: 35/35 MP: 3/3
   638 | D:1      | Reached skill level 1 in Invocations
   858 | D:2      | Noticed Robin
   873 | D:1      | Reached skill level 1 in Short Blades
   873 | D:1      | Reached skill level 1 in Long Blades
   873 | D:1      | Reached skill level 1 in Maces & Flails
   873 | D:1      | Reached skill level 1 in Polearms
   873 | D:1      | Reached skill level 1 in Staves
   873 | D:1      | Reached skill level 1 in Slings
   873 | D:1      | Reached skill level 1 in Bows
   873 | D:1      | Reached skill level 1 in Crossbows
   873 | D:1      | Reached skill level 1 in Throwing
   873 | D:1      | Reached skill level 1 in Dodging
   873 | D:1      | Reached skill level 1 in Stealth
   873 | D:1      | Reached skill level 1 in Unarmed Combat
   873 | D:1      | Reached skill level 1 in Spellcasting
   873 | D:1      | Reached skill level 1 in Evocations
  1000 | D:2      | Reached XP level 4. HP: 41/41 MP: 5/5
  1033 | D:2      | Killed Robin
  1033 | D:2      | Reached skill level 1 in Conjurations
  1033 | D:2      | Reached skill level 1 in Hexes
  1033 | D:2      | Reached skill level 1 in Charms
  1033 | D:2      | Reached skill level 1 in Summonings
  1033 | D:2      | Reached skill level 1 in Necromancy
  1033 | D:2      | Reached skill level 1 in Translocations
  1033 | D:2      | Reached skill level 1 in Transmutations
  1033 | D:2      | Reached skill level 1 in Fire Magic
  1033 | D:2      | Reached skill level 1 in Ice Magic
  1033 | D:2      | Reached skill level 1 in Air Magic
  1033 | D:2      | Reached skill level 1 in Earth Magic
  1033 | D:2      | Reached skill level 1 in Poison Magic
  1339 | D:2      | Noticed Natasha
  1345 | D:2      | Reached XP level 5. HP: 37/47 MP: 6/6
  1352 | D:2      | Killed Natasha
  1510 | D:2      | Noticed Natasha
  1516 | D:2      | Killed Natasha
  1674 | D:2      | Noticed Natasha
  1681 | D:2      | Killed Natasha
  1783 | D:2      | Noticed Terence
  1793 | D:2      | Killed Terence
  1793 | D:2      | Reached XP level 6. HP: 27/53 MP: 8/8
  2125 | D:3      | Noticed Sigmund
  2501 | D:3      | Found a stormy altar of Qazlal.
  2515 | D:3      | Killed Sigmund
  2515 | D:3      | Reached skill level 5 in Axes
  2515 | D:3      | Reached XP level 7. HP: 59/59 MP: 8/10
  4011 | D:4      | Reached XP level 8. HP: 63/67 MP: 12/12
  4182 | D:4      | Got a smoking falchion
  4333 | D:4      | Identified the cursed +2 falchion "Vokhyts" {vamp, rC+}
                  | (You found it on level 4 of the Dungeon)
  4640 | D:4      | Found a blossoming altar of Fedhas.
  4821 | D:5      | Entered Level 5 of the Dungeon
  4901 | D:5      | Found a hide-covered altar of Uskayaw.
  4910 | D:5      | Found the +27 Lear's hauberk
  4930 | D:5      | Got a fine arbalest
  5165 | D:5      | Identified the +9 arbalest of Trauma {penet, rElec} (You
                  | found it on level 5 of the Dungeon)
  5183 | D:5      | Noticed Dowan
  5187 | D:5      | Noticed Duvessa
  5213 | D:5      | Killed Duvessa
  5220 | D:5      | Killed Dowan
  5476 | D:5      | Found a stormy altar of Qazlal.
  5588 | D:6      | Reached XP level 9. HP: 43/72 MP: 14/14
  5822 | D:6      | Found a snail-covered altar of Cheibriados.
  6091 | D:6      | Noticed a two-headed ogre
  6116 | D:6      | Killed a two-headed ogre
  6434 | D:6      | Noticed Edmund
  6551 | D:6      | Killed Edmund
  6551 | D:6      | Reached skill level 5 in Invocations
  6807 | D:7      | Found a staircase to the Ecumenical Temple.
  6829 | Temple   | Entered the Ecumenical Temple
  6928 | Temple   | Became a worshipper of Warmaster Okawaru
  6961 | D:7      | Found a sparkling altar of Nemelex Xobeh.
  6982 | Temple   | Reached XP level 10. HP: 55/80 MP: 17/17
  7892 | D:7      | Reached skill level 5 in Short Blades
  7892 | D:7      | Reached skill level 5 in Long Blades
  7892 | D:7      | Reached skill level 5 in Maces & Flails
  7892 | D:7      | Reached skill level 5 in Polearms
  7892 | D:7      | Reached skill level 5 in Staves
  7892 | D:7      | Reached skill level 5 in Slings
  7892 | D:7      | Reached skill level 5 in Bows
  7892 | D:7      | Reached skill level 5 in Crossbows
  7892 | D:7      | Reached skill level 5 in Throwing
  7892 | D:7      | Reached skill level 5 in Dodging
  7892 | D:7      | Reached skill level 5 in Stealth
  7892 | D:7      | Reached skill level 5 in Unarmed Combat
  7892 | D:7      | Reached skill level 5 in Spellcasting
  7892 | D:7      | Reached skill level 5 in Evocations
  7954 | D:7      | Reached * piety under Okawaru
  8157 | D:7      | Found a shimmering altar of Xom.
  8157 | D:7      | Found a sacrificial altar of Ru.
  8288 | D:7      | Found a sacrificial altar of Ru.
  8398 | D:7      | Noticed Joseph
  8411 | D:7      | Killed Joseph
  9429 | D:8      | Reached ** piety under Okawaru
  9958 | D:8      | Found an ornate altar of the Wu Jian Council.
 10272 | D:9      | Noticed a two-headed ogre
 10277 | D:9      | Killed a two-headed ogre
 10277 | D:9      | Reached *** piety under Okawaru
 10277 | D:9      | Reached XP level 11. HP: 87/87 MP: 19/19
 10407 | D:9      | Found a staircase to the Lair.
 10648 | D:9      | Noticed Erica
 11019 | D:9      | Killed Erica
 11019 | D:9      | Reached **** piety under Okawaru
 11187 | D:9      | Reached skill level 5 in Conjurations
 11187 | D:9      | Reached skill level 5 in Hexes
 11187 | D:9      | Reached skill level 5 in Charms
 11187 | D:9      | Reached skill level 5 in Summonings
 11187 | D:9      | Reached skill level 5 in Necromancy
 11187 | D:9      | Reached skill level 5 in Translocations
 11187 | D:9      | Reached skill level 5 in Transmutations
 11187 | D:9      | Reached skill level 5 in Fire Magic
 11187 | D:9      | Reached skill level 5 in Ice Magic
 11187 | D:9      | Reached skill level 5 in Air Magic
 11187 | D:9      | Reached skill level 5 in Earth Magic
 11187 | D:9      | Reached skill level 5 in Poison Magic
 11197 | D:9      | Reached ***** piety under Okawaru
 11232 | D:9      | Identified the +10 war axe "Jeryiq" {freeze, rN+ Str+8
                  | Int-4}
 11583 | D:9      | Found Turoc's Food Shop.
 11795 | D:10     | Entered Level 10 of the Dungeon
 11910 | D:10     | Noticed a cyan ugly thing
 11924 | D:10     | Killed a cyan ugly thing
 11924 | D:10     | Received a gift from Okawaru
 12002 | D:10     | Found a basalt altar of Yredelemnul.
 12892 | D:11     | Noticed a green ugly thing
 12906 | D:11     | Killed a green ugly thing
 12911 | D:11     | Received a gift from Okawaru
 13464 | D:11     | Noticed Sonja
 13468 | D:11     | Killed Sonja
 13655 | D:11     | Noticed a two-headed ogre
 13659 | D:11     | Killed a two-headed ogre
 13674 | D:11     | Reached XP level 12. HP: 96/96 MP: 22/22
 13737 | D:11     | Received a gift from Okawaru
 13920 | Lair:1   | Entered Level 1 of the Lair of Beasts
 13920 | Lair:1   | Noticed a six-headed hydra
 13934 | D:9      | Killed a one-headed hydra
 14193 | Lair:1   | Noticed a five-headed hydra
 14202 | Lair:1   | Killed a one-headed hydra
 14202 | Lair:1   | Reached ****** piety under Okawaru
 14202 | Lair:1   | Received a gift from Okawaru
 14290 | Lair:1   | Received a gift from Okawaru
 14299 | Lair:1   | Noticed a four-headed hydra
 14308 | Lair:1   | Killed a one-headed hydra
 14586 | Lair:1   | Received a gift from Okawaru
 15116 | Lair:2   | Noticed Nergalle
 15122 | Lair:2   | Killed Nergalle
 15293 | Lair:2   | Noticed a catoblepas
 15297 | Lair:2   | Killed a catoblepas
 15581 | Lair:2   | Noticed Gastronok
 15589 | Lair:2   | Killed Gastronok
 15589 | Lair:2   | Reached skill level 10 in Fighting
 15589 | Lair:2   | Reached skill level 10 in Armour
 15589 | Lair:2   | Reached skill level 10 in Shields
 15906 | Lair:3   | Reached XP level 13. HP: 87/103 MP: 24/24
 16024 | Lair:3   | Received a gift from Okawaru
 16111 | Lair:3   | Received a gift from Okawaru
 16622 | Lair:3   | Found a hole to the Spider Nest.
 17383 | Lair:4   | Found a runed door.
 17384 | Lair:4   | Noticed Duffy's ghost (journeyman DEFE)
 17934 | Lair:4   | Found a staircase to the Swamp.
 18636 | Lair:5   | Noticed an ice dragon
 19057 | Lair:5   | Killed an ice dragon
 19057 | Lair:5   | Received a gift from Okawaru
 19501 | Lair:5   | Got a translucent pewter ring
 19504 | Lair:5   | Identified the ring "Kojiasue" {*Contam MR+++ Int+2 Stlth+}
                  | (You found it on level 5 of the Lair of Beasts)
 19601 | Lair:5   | Received a gift from Okawaru
 19748 | Lair:5   | Found a runed door.
 19748 | Lair:5   | Noticed Hanugaeb's ghost (journeyman MiWn)
 19925 | Lair:6   | Entered Level 6 of the Lair of Beasts
 20053 | Lair:6   | Reached XP level 14. HP: 111/111 MP: 26/26
 20065 | Lair:6   | Received a gift from Okawaru
 20325 | Lair:6   | Found a staircase to the Slime Pits.
 20664 | Lair:6   | Reached skill level 10 in Axes
 21770 | Lair:6   | Reached skill level 10 in Invocations
 21775 | Lair:6   | Received a gift from Okawaru
 22050 | Lair:6   | Noticed a dire elephant
 22058 | Lair:6   | Killed a dire elephant
 23205 | D:12     | Found a portal to a secret trove of treasure.
 23652 | D:12     | Found a staircase to the Orcish Mines.
 24171 | Orc:1    | Entered Level 1 of the Orcish Mines
 24171 | Orc:1    | Noticed a stone giant
 24180 | D:12     | Killed a stone giant
 24614 | D:12     | Identified 2 scrolls of acquirement
 24799 | Orc:1    | Found a frozen archway.
 24818 | IceCv    | Entered an ice cave
 24828 | IceCv    | Received a gift from Okawaru
 24844 | IceCv    | Reached XP level 15. HP: 103/119 MP: 28/28
 25770 | Orc:1    | Noticed Harold
 25770 | Orc:1    | Received a gift from Okawaru
 26170 | Orc:1    | Killed Harold
 26530 | Orc:2    | Entered Level 2 of the Orcish Mines
 26546 | Orc:2    | Found a runed door.
 26549 | Orc:2    | Received a gift from Okawaru
 26588 | Orc:2    | Noticed RexLacerta's ghost (journeyman MiFi)
 26596 | Orc:2    | Noticed Josephine
 26602 | Orc:2    | Killed Josephine
 26864 | Orc:2    | Found a staircase to the Elven Halls.
 27013 | Orc:2    | HP: 5/119 [orc knight/bolt (20)]
 27873 | Orc:2    | Found a bloodstained altar of Trog.
 27971 | Orc:2    | Found Jarevul's Food Shop.
 27971 | Orc:2    | Found Kink's Weapon Shoppe.
 27973 | Orc:2    | Found Buismimu's Antique Armour Emporium.
 27975 | Orc:2    | Found Manuah's Armour Boutique.
 27992 | Orc:2    | Bought a pair of embroidered boots for 232 gold pieces
 28146 | Orc:2    | Killed RexLacerta's ghost
 28620 | D:13     | Received a gift from Okawaru
 28623 | D:13     | Reached skill level 10 in Short Blades
 28623 | D:13     | Reached skill level 10 in Long Blades
 28623 | D:13     | Reached skill level 10 in Maces & Flails
 28623 | D:13     | Reached skill level 10 in Polearms
 28623 | D:13     | Reached skill level 10 in Staves
 28623 | D:13     | Reached skill level 10 in Slings
 28623 | D:13     | Reached skill level 10 in Bows
 28623 | D:13     | Reached skill level 10 in Crossbows
 28623 | D:13     | Reached skill level 10 in Throwing
 28623 | D:13     | Reached skill level 10 in Dodging
 28623 | D:13     | Reached skill level 10 in Stealth
 28623 | D:13     | Reached skill level 10 in Unarmed Combat
 28623 | D:13     | Reached skill level 10 in Spellcasting
 28623 | D:13     | Reached skill level 10 in Evocations
 29172 | D:13     | Found an opulent altar of Gozag.
 29761 | D:14     | Noticed Snorg
 29769 | D:14     | Killed Snorg
 29783 | D:14     | Found Kuhagrat's Magic Scroll Shop.
 29789 | D:14     | Bought a scroll of identify for 26 gold pieces
 29789 | D:14     | Bought a scroll of fear for 45 gold pieces
 29789 | D:14     | Bought a scroll of brand weapon for 260 gold pieces
 29789 | D:14     | Bought 3 scrolls of identify for 78 gold pieces
 29789 | D:14     | Bought a scroll of identify for 26 gold pieces
 29789 | D:14     | Bought a scroll of identify for 26 gold pieces
 29789 | D:14     | Bought a scroll of identify for 26 gold pieces
 29789 | D:14     | Bought a scroll of identify for 26 gold pieces
 29789 | D:14     | Bought a scroll of identify for 26 gold pieces
 29822 | D:14     | Received a gift from Okawaru
 30054 | D:14     | Found a gate to the Vaults.
 30324 | D:15     | Entered Level 15 of the Dungeon
 30521 | D:15     | Received a gift from Okawaru
 30539 | D:15     | Identified the +1 buckler of New Discoveries {MR+} (Okawaru
                  | gifted it to you on level 15 of the Dungeon)
 30696 | D:15     | Reached XP level 16. HP: 127/127 MP: 30/30
 30870 | D:15     | Found a staircase to the Depths.
 31312 | Swamp:1  | Entered Level 1 of the Swamp
 31424 | Swamp:1  | Noticed a thorn hunter
 31429 | Swamp:1  | Killed a thorn hunter
 32726 | Swamp:1  | You fall through a shaft!
 32870 | Swamp:2  | You fall through a shaft!
 33317 | Swamp:3  | Noticed a thorn hunter
 33337 | Swamp:3  | HP: 3/127 [thorn hunter (12)]
 33338 | Swamp:3  | Killed from afar by a thorn hunter

Vault maps used:
D:1:      minmay_arrival_widening_spiral_wide, serial_forest,
          infiniplex_forest_lined_3, infiniplex_forest_fountain,
          infiniplex_forest_lined_room_3, infiniplex_forest_clump_double,
          infiniplex_forest_clump_diagonal, infiniplex_forest_corner_1,
          infiniplex_forest_zigzag_2, infiniplex_forest_straight_1,
          infiniplex_forest_straight_4, infiniplex_forest_clump_small,
          hangedman_feature_mirror
D:2:      first_ration, uniq_terence, uniq_natasha, uniq_robin
D:3:      lemuel_doored_altar, gup_sewer_entry_bowl, bh_chokoban,
          kennysheep_boxes, uniq_sigmund
D:4:      kennysheep_small_spiral, fedhas_altar_3
D:5:      kennysheep_mini_moat, basic_altar, uniq_duvessa
D:6:      cheibriados_altar_1, uniq_edmund
D:7:      nemelex_xobeh_ov_fountains_minmay, gammafunk_temple_overflow_elements,
          minmay_temple_entry_stoned_glass, nicolae_ru_path_of_blood,
          uniq_joseph
D:8:      overflow_temple_1_default
D:9:      dpeg_oklobed_lair, serial_shops, shop, the_bakery, uniq_erica
D:10:     basic_altar, kennysheep_nondescript, small_chamber_with_monster,
          kennysheep_opposing_triangles
D:11:     uniq_sonja
D:12:     orc_0_dummy, nicolae_trove_entry_columns
D:13:     basic_altar
D:14:     grunt_vaults_entry_fortified, serial_shops, shop,
          kennysheep_big_empty_room, minmay_misc_feat_room, uniq_snorg
D:15:     hangedman_depths_entry_try_elsewhere_first,
          ebering_dispersal_statue_hall
Temple:   regret_index_temple_sphere_string
Lair:1:   infiniplex_staircase_pool_2, lemuel_fruit_fields
Lair:2:   lemuel_fruit_fields, uniq_gastronok, uniq_nergalle
Lair:3:   nicolae_spider_entry_tight_spaces, infiniplex_staircase_pool
Lair:4:   palyth_hydra_swamp_entry, gammafunk_ghost_grave, st_stairs_12,
          nicolae_quartered_pool_super, minivault_26, lemuel_fruit_fields
Lair:5:   ebering_ghost_reflecting_pool, ice2_lemuel
Lair:6:   grunt_lair_end_beastmaster, minmay_slime_entry_oklob_open
Swamp:1:  evilmike_swamp_ruin_rubble_2
Swamp:2:  evilmike_swamp_ruin_house_5, swamp_pool2
Swamp:3:  hangedman_swamp_pad
Orc:1:    portal_ice_cave_entry_pillars_1, nicolae_orc_lava_tube, uniq_harold
Orc:2:    st_orc_rangers, ebering_ghost_inner_flame, trog_book, uniq_josephine
IceCv:    ice_cave_tombish

Skill      XL: |  1  2  3  4  5  6  7  8  9 10 11 12 13 14 15 16 |
---------------+-------------------------------------------------+-----
Invocations    | 1 2 3 4 5 6 7 8 9 10 11 | 11.4
Short Blades   | 1 2 3 4 5 6 7 8 9 10 | 10.6
Long Blades    | 1 2 3 4 5 6 7 8 9 10 | 10.6
Maces & Flails | 1 2 3 4 5 6 7 8 9 10 | 10.6
Polearms       | 1 2 3 4 5 6 7 8 9 10 | 10.6
Staves         | 1 2 3 4 5 6 7 8 9 10 | 10.6
Slings         | 1 2 3 4 5 6 7 8 9 10 | 10.6
Bows           | 1 2 3 4 5 6 7 8 9 10 | 10.6
Crossbows      | 1 2 3 4 5 6 7 8 9 10 | 10.6
Throwing       | 1 2 3 4 5 6 7 8 9 10 | 10.6
Dodging        | 1 2 3 4 5 6 7 8 9 10 | 10.6
Stealth        | 1 2 3 4 5 6 7 8 9 10 | 10.6
Unarmed Combat | 1 2 3 4 5 6 7 8 9 10 | 10.6
Spellcasting   | 1 2 3 4 5 6 7 8 9 10 | 10.6
Evocations     | 1 2 3 4 5 6 7 8 9 10 | 10.6
Conjurations   | 1 2 3 4 5 6 7 8 9 |  9.0
Hexes          | 1 2 3 4 5 6 7 8 9 |  9.0
Charms         | 1 2 3 4 5 6 7 8 9 |  9.0
Summonings     | 1 2 3 4 5 6 7 8 9 |  9.0
Necromancy     | 1 2 3 4 5 6 7 8 9 |  9.0
Translocations | 1 2 3 4 5 6 7 8 9 |  9.0
Transmutations | 1 2 3 4 5 6 7 8 9 |  9.0
Fire Magic     | 1 2 3 4 5 6 7 8 9 |  9.0
Ice Magic      | 1 2 3 4 5 6 7 8 9 |  9.0
Air Magic      | 1 2 3 4 5 6 7 8 9 |  9.0
Earth Magic    | 1 2 3 4 5 6 7 8 9 |  9.0
Poison Magic   | 1 2 3 4 5 6 7 8 9 |  9.0
Axes           | 5 6 7 8 9 10 11 | 11.4
Fighting       | 7 8 9 10 11 12 | 12.2
Armour         | 7 8 9 10 11 12 | 12.2
Shields        | 7 8 9 10 11 12 | 12.2

Action                   |  1- 3 |  4- 6 |  7- 9 | 10-12 | 13-15 | 16-18 || total
-------------------------+-------+-------+-------+-------+-------+-------++-------
Melee: War axe           |    90 |   143 |   300 |   177 |   290 |    38 ||  1038
       Bite              |    10 |    21 |    44 |    76 |    50 |    11 ||   212
       Short sword       |       |       |   121 |   361 |       |       ||   482
       Scimitar          |       |       |       |    17 |       |       ||    17
       Punch             |       |       |       |       |     3 |       ||     3
 Fire: Arbalest          |       |       |       |    38 |   620 |    26 ||   684
       Triple crossbow   |       |       |       |       |       |    75 ||    75
Invok: Heroism           |       |       |       |       |     7 |     1 ||     8
       Finesse           |       |       |       |       |     1 |       ||     1
Evoke: Wand              |       |       |     4 |     5 |       |       ||     9
  Use: Scroll            |       |       |    10 |     6 |    25 |     4 ||    45
       Potion            |       |       |     4 |     1 |     4 |     1 ||    10
 Stab: Confused          |       |       |       |       |       |     2 ||     2
  Eat: Chunk             |       |     5 |    15 |    26 |    29 |     3 ||    78
       Ration            |       |       |       |     1 |     5 |     1 ||     7
Armor: Scale mail        |    47 |    57 |    43 |       |       |       ||   147
       Chain mail        |       |       |   159 |    24 |       |       ||   183
       Plate armour      |       |       |       |   235 |   327 |    17 ||   579
       Swamp dragon scal |       |       |       |       |       |    18 ||    18
Dodge: Dodged            |    40 |    37 |   120 |   202 |   368 |    89 ||   856
Block: Shield            |    74 |    80 |   214 |   344 |   135 |    19 ||   866

Table legend:
 A = Non-vault XP
 B = Vault XP
 C = Vault XP percentage of total XP
 D = Non-vault monster count
 E = Vault monster count
 F = Vault count percentage of total count
                 A         B        C        D         E       F
            +---------+---------+-------+---------+---------+-------
      Total |   97046 |   52969 |  35.3 |     612 |     175 |  22.2
            +---------+---------+-------+---------+---------+-------
        D:1 |      56 |      14 |  20.0 |      24 |       6 |  20.0
        D:2 |     184 |     105 |  36.3 |      29 |      13 |  31.0
        D:3 |     320 |     230 |  41.8 |      33 |       4 |  10.8
        D:4 |     619 |       0 |   0.0 |      19 |       0 |   0.0
        D:5 |     632 |     232 |  26.9 |      20 |       2 |   9.1
        D:6 |    1791 |     158 |   8.1 |      21 |       1 |   4.5
        D:7 |    1637 |     466 |  22.2 |      35 |       1 |   2.8
        D:8 |    1846 |       0 |   0.0 |      32 |       0 |   0.0
        D:9 |    3333 |    1110 |  25.0 |      37 |       2 |   5.1
       D:10 |    1370 |     810 |  37.2 |      30 |       3 |   9.1
       D:11 |    3977 |     795 |  16.7 |      35 |       1 |   2.8
       D:12 |    5985 |       0 |   0.0 |      22 |       0 |   0.0
       D:13 |    7938 |       0 |   0.0 |      26 |       0 |   0.0
       D:14 |    2491 |    7634 |  75.4 |      23 |      10 |  30.3
       D:15 |    4988 |    3299 |  39.8 |      13 |       5 |  27.8
     Temple |     292 |       0 |   0.0 |       6 |       0 |   0.0
     Lair:1 |    6078 |       0 |   0.0 |      18 |       0 |   0.0
     Lair:2 |    2124 |    3011 |  58.6 |       7 |       2 |  22.2
     Lair:3 |    6077 |    1936 |  24.2 |      26 |       7 |  21.2
     Lair:4 |    4413 |    2753 |  38.4 |      17 |       7 |  29.2
     Lair:5 |    3060 |    3033 |  49.8 |      10 |      15 |  60.0
     Lair:6 |   13231 |   12348 |  48.3 |      25 |      24 |  49.0
    Swamp:1 |    7361 |       0 |   0.0 |      12 |       0 |   0.0
    Swamp:2 |    2805 |       0 |   0.0 |       4 |       0 |   0.0
    Swamp:3 |    8000 |       0 |   0.0 |      20 |       0 |   0.0
      Orc:1 |    5128 |     970 |  15.9 |      49 |       1 |   2.0
      Orc:2 |    1310 |    7985 |  85.9 |      19 |      46 |  70.8
      IceCv |       0 |    6080 | 100.0 |       0 |      25 | 100.0
            +---------+---------+-------+---------+---------+-------
